[ PARTIDA AOE2 · #477799361 ]
UnrankedBohemios vs Jurchens
[ ANÁLISIS DE REPETICIÓN · EXTRAÍDO DE LA PARTIDA GRABADA ]
Feudal
11:20
Castillos
15:29
Imperial
32:51
| APM promedio | 27.0 |
| APM pico | 52 |
| eAPM promedio | 17.1 |
| Aldeanos / militares | 155 / 408 |
Foco
⚔️ 30.5% · 🌾 69.5%
Spearman ×151 · Skirmisher ×120 · Hussite Wagon ×118 · Bombard Cannon ×17 · Monk ×1 · Mangonel ×1
Feudal
10:59
Castillos
16:19
Imperial
35:32
| APM promedio | 22.7 |
| APM pico | 84 |
| eAPM promedio | 15.3 |
| Aldeanos / militares | 121 / 139 |
Foco
⚔️ 26.4% · 🌾 73.6%
Unknown (1911) ×88 · Scout Cavalry ×50 · Fire Lancer ×46 · Iron Pagoda ×36 · Trebuchet (Packed) ×5 · Monk ×2
Feudal
10:31
Castillos
18:55
Imperial
37:54
| APM promedio | 22.2 |
| APM pico | 52 |
| eAPM promedio | 14.4 |
| Aldeanos / militares | 135 / 326 |
Foco
⚔️ 34.1% · 🌾 65.9%
Skirmisher ×168 · Spearman ×101 · Scout Cavalry ×34 · Bombard Cannon ×12 · Conquistador ×6 · Trebuchet (Packed) ×3
Feudal
11:32
Castillos
15:02
Imperial
32:18
| APM promedio | 27.5 |
| APM pico | 87 |
| eAPM promedio | 16.5 |
| Aldeanos / militares | 165 / 302 |
Foco
⚔️ 29.6% · 🌾 70.4%
Scout Cavalry ×176 · Mangudai ×95 · Mangonel ×22 · Battering Ram ×8 · Monk ×1
Mapa de la partida
Recursos iniciales + cada clic de construcción. Líneas = muros · curvas = relieve. ◆ oro · ⬟ piedra · ● bayas · ✦ reliquia · ◌ hueco del cierre
Tu base· ✓ Cerrada en 15:29 · 0t muro · 2 puerta(s)
Base de Cardboard· ✓ Cerrada en 16:19 · 0t muro · 2 puerta(s)
Base de Drexik· ✓ Cerrada en 18:55 · 0t muro · 2 puerta(s)
Base de 216 Raz0r· ✓ Cerrada en 15:02 · 1t muro · 2 puerta(s)
Terreno inicial suavizado · ◌ = hueco del cierre detectado · pasá el cursor para detalles
Inputs por minuto
— KamiSazi - - Cardboard
Build order — KamiSazi
Primeras 150 de 475 acciones detectadas
| 0:01 | Crear | Villager (Male) |
| 0:01 | Crear | Villager (Male) |
| 0:01 | Crear | Villager (Male) |
| 0:02 | Crear | Villager (Male) |
| 0:04 | Construir | House |
| 0:05 | Construir | House |
| 1:49 | Construir | Lumber Camp |
| 1:53 | Crear | Villager (Male) |
| 2:08 | Crear | Villager (Male) |
| 2:24 | Crear | Villager (Male) |
| 2:48 | Crear | Villager (Male) |
| 3:14 | Construir | House |
| 3:15 | Construir | House |
| 3:30 | Crear | Villager (Male) |
| 3:30 | Crear | Villager (Male) |
| 4:00 | Crear | Villager (Male) |
| 4:22 | Construir | Mill |
| 4:33 | Crear | Villager (Male) |
| 4:33 | Crear | Villager (Male) |
| 4:50 | Crear | Villager (Male) |
| 5:25 | Crear | Villager (Male) |
| 5:25 | Crear | Villager (Male) |
| 6:08 | Crear | Villager (Male) |
| 6:17 | Crear | Villager (Male) |
| 6:24 | Crear | Villager (Male) |
| 6:37 | Crear | Villager (Male) |
| 7:01 | Crear | Villager (Male) |
| 7:30 | Construir | Mill |
| 7:36 | Crear | Villager (Male) |
| 7:36 | Crear | Villager (Male) |
| 7:47 | Crear | Villager (Male) |
| 8:02 | Construir | House |
| 8:41 | Investigar | Feudal Age |
| 9:34 | Crear | Villager (Male) |
| 9:34 | Crear | Villager (Male) |
| 9:48 | Construir | Mining Camp |
| 10:18 | Construir | Farm |
| 10:21 | Construir | Farm |
| 10:39 | Construir | Farm |
| 10:56 | Construir | Farm |
| 11:20 | Edad | Edad Feudal |
| 11:30 | Construir | Blacksmith |
| 11:43 | Construir | Market |
| 12:04 | Construir | Farm |
| 12:49 | Investigar | Castle Age |
| 13:38 | Crear | Villager (Male) |
| 13:39 | Crear | Villager (Male) |
| 13:41 | Investigar | Horse Collar |
| 13:44 | Investigar | Double-Bit Axe |
| 14:04 | Construir | Farm |
| 14:06 | Construir | Farm |
| 14:09 | Construir | Farm |
| 14:12 | Construir | Farm |
| 14:40 | Construir | House |
| 14:44 | Construir | House |
| 14:45 | Construir | House |
| 15:29 | Edad | Edad de los Castillos |
| 15:42 | Construir | Town Center |
| 15:50 | Investigar | Bow Saw |
| 15:55 | Crear | Villager (Male) |
| 15:55 | Crear | Villager (Male) |
| 16:20 | Crear | Villager (Male) |
| 16:55 | Construir | Town Center |
| 17:01 | Crear | Villager (Male) |
| 17:01 | Crear | Villager (Male) |
| 17:06 | Crear | Villager (Male) |
| 17:07 | Crear | Villager (Male) |
| 17:07 | Crear | Villager (Male) |
| 17:07 | Crear | Villager (Male) |
| 17:07 | Crear | Villager (Male) |
| 17:15 | Crear | Villager (Male) |
| 17:16 | Crear | Villager (Male) |
| 17:43 | Construir | Outpost |
| 17:45 | Construir | Outpost |
| 18:25 | Investigar | Wheelbarrow |
| 18:25 | Investigar | Town Watch |
| 18:33 | Construir | Farm |
| 18:33 | Construir | Farm |
| 18:33 | Construir | Farm |
| 18:34 | Construir | Farm |
| 18:34 | Construir | Farm |
| 18:34 | Construir | Farm |
| 18:34 | Construir | Farm |
| 18:48 | Crear | Villager (Male) |
| 18:53 | Crear | Villager (Male) |
| 18:54 | Crear | Villager (Male) |
| 19:37 | Construir | Siege Workshop |
| 19:41 | Crear | Villager (Male) |
| 19:41 | Crear | Villager (Male) |
| 19:51 | Construir | Stone Wall |
| 19:58 | Crear | Villager (Male) |
| 19:58 | Crear | Villager (Male) |
| 20:01 | Crear | Villager (Male) |
| 20:01 | Crear | Villager (Male) |
| 20:15 | Crear | Villager (Male) |
| 20:15 | Crear | Villager (Male) |
| 20:16 | Crear | Villager (Male) |
| 20:34 | Construir | Castle |
| 20:46 | Investigar | Loom |
| 20:47 | Crear | Villager (Male) |
| 21:02 | Construir | Mining Camp |
| 21:07 | Crear | Villager (Male) |
| 21:07 | Crear | Villager (Male) |
| 21:08 | Crear | Villager (Male) |
| 21:09 | Crear | Villager (Male) |
| 21:09 | Crear | Villager (Male) |
| 21:24 | Crear | Villager (Male) |
| 21:25 | Crear | Villager (Male) |
| 21:25 | Crear | Villager (Male) |
| 21:44 | Construir | Lumber Camp |
| 21:47 | Crear | Villager (Male) |
| 21:47 | Crear | Villager (Male) |
| 21:47 | Crear | Villager (Male) |
| 22:14 | Crear | Villager (Male) |
| 22:15 | Crear | Villager (Male) |
| 22:16 | Crear | Villager (Male) |
| 22:56 | Crear | Hussite Wagon |
| 23:36 | Construir | Stone Wall |
| 23:39 | Construir | Gate |
| 23:48 | Crear | Hussite Wagon |
| 23:48 | Crear | Hussite Wagon |
| 23:48 | Crear | Hussite Wagon |
| 23:49 | Crear | Hussite Wagon |
| 23:55 | Construir | Farm |
| 23:55 | Construir | Farm |
| 23:55 | Construir | Farm |
| 23:56 | Construir | Farm |
| 23:56 | Construir | Farm |
| 23:56 | Construir | Farm |
| 24:03 | Construir | Castle |
| 24:12 | Crear | Hussite Wagon |
| 24:15 | Crear | Villager (Male) |
| 24:16 | Crear | Villager (Male) |
| 24:16 | Crear | Villager (Male) |
| 24:16 | Crear | Villager (Male) |
| 24:17 | Crear | Villager (Male) |
| 24:17 | Crear | Villager (Male) |
| 24:17 | Crear | Villager (Male) |
| 24:55 | Construir | Mining Camp |
| 25:23 | Construir | Barracks |
| 25:23 | Construir | Barracks |
| 25:24 | Construir | Barracks |
| 25:33 | Construir | Town Center |
| 25:40 | Crear | Villager (Male) |
| 25:40 | Crear | Villager (Male) |
| 25:40 | Crear | Villager (Male) |
| 25:40 | Crear | Villager (Male) |
| 25:41 | Crear | Villager (Male) |
| 25:41 | Crear | Villager (Male) |
| 25:56 | Construir | Siege Workshop |
Build order — Cardboard
Primeras 150 de 332 acciones detectadas
| 0:02 | Construir | House |
| 0:04 | Construir | House |
| 0:04 | Crear | Villager (Male) |
| 0:04 | Crear | Villager (Male) |
| 0:05 | Crear | Villager (Male) |
| 0:05 | Crear | Villager (Male) |
| 1:30 | Crear | Villager (Male) |
| 1:31 | Crear | Villager (Male) |
| 1:51 | Crear | Villager (Male) |
| 1:51 | Crear | Villager (Male) |
| 2:21 | Crear | Villager (Male) ×2 |
| 2:21 | Crear | Villager (Male) ×2 |
| 2:43 | Construir | Lumber Camp |
| 2:54 | Crear | Villager (Male) |
| 2:54 | Crear | Villager (Male) |
| 2:59 | Crear | Villager (Male) |
| 2:59 | Crear | Villager (Male) |
| 3:02 | Construir | House |
| 3:33 | Crear | Villager (Male) |
| 3:43 | Crear | Villager (Male) |
| 3:43 | Crear | Villager (Male) |
| 4:30 | Crear | Villager (Male) ×2 |
| 4:30 | Crear | Villager (Male) ×2 |
| 4:57 | Construir | Mill |
| 5:06 | Crear | Villager (Male) |
| 5:06 | Crear | Villager (Male) |
| 5:19 | Crear | Villager (Male) |
| 5:25 | Construir | House |
| 5:46 | Crear | Villager (Male) |
| 5:46 | Crear | Villager (Male) |
| 5:59 | Crear | Villager (Male) |
| 5:59 | Crear | Villager (Male) |
| 6:56 | Crear | Villager (Male) ×3 |
| 6:57 | Crear | Villager (Male) ×3 |
| 7:15 | Construir | House |
| 7:50 | Construir | Mill |
| 8:31 | Investigar | Feudal Age |
| 8:44 | Construir | Mining Camp |
| 9:22 | Crear | Villager (Male) |
| 9:22 | Crear | Villager (Male) |
| 9:39 | Construir | Barracks |
| 10:59 | Edad | Edad Feudal |
| 11:00 | Investigar | Double-Bit Axe |
| 11:03 | Investigar | Horse Collar |
| 11:20 | Construir | Blacksmith |
| 11:48 | Crear | Villager (Male) |
| 11:57 | Construir | Market |
| 12:19 | Construir | House |
| 12:25 | Crear | Villager (Male) |
| 12:25 | Crear | Villager (Male) |
| 13:39 | Investigar | Castle Age |
| 13:54 | Construir | Farm |
| 13:55 | Construir | Farm |
| 13:55 | Construir | Farm |
| 13:55 | Construir | Farm |
| 14:03 | Construir | Farm |
| 14:03 | Construir | Farm |
| 14:33 | Construir | Farm |
| 14:33 | Construir | Farm |
| 14:50 | Investigar | Fletching |
| 15:17 | Investigar | Loom |
| 15:48 | Construir | Archery Range |
| 15:55 | Construir | Archery Range |
| 15:58 | Construir | House |
| 16:09 | Investigar | Padded Archer Armor |
| 16:17 | Crear | Villager (Male) |
| 16:17 | Crear | Villager (Male) |
| 16:17 | Crear | Villager (Male) |
| 16:19 | Edad | Edad de los Castillos |
| 16:47 | Construir | Farm |
| 16:47 | Construir | Farm |
| 16:48 | Construir | Farm |
| 16:48 | Construir | Farm |
| 16:48 | Construir | Farm |
| 16:49 | Construir | Farm |
| 16:49 | Construir | Farm |
| 17:25 | Investigar | Wheelbarrow |
| 17:37 | Crear | Unit 1911 ×4 |
| 17:37 | Crear | Unit 1911 ×4 |
| 18:11 | Investigar | Gold Mining |
| 18:23 | Construir | Mining Camp |
| 18:32 | Construir | House |
| 19:13 | Crear | Unit 1911 ×2 |
| 19:13 | Crear | Unit 1911 ×2 |
| 19:19 | Crear | Villager (Male) |
| 19:19 | Crear | Villager (Male) |
| 19:19 | Crear | Villager (Male) |
| 19:20 | Crear | Villager (Male) |
| 19:25 | Investigar | Bow Saw |
| 19:47 | Crear | Unit 1911 |
| 19:47 | Crear | Unit 1911 |
| 19:55 | Construir | University |
| 20:03 | Crear | Villager (Male) |
| 20:03 | Crear | Villager (Male) |
| 20:04 | Crear | Villager (Male) |
| 20:28 | Construir | House |
| 20:33 | Construir | House |
| 20:44 | Crear | Villager (Male) |
| 20:45 | Crear | Villager (Male) |
| 20:49 | Crear | Unit 1911 |
| 20:49 | Crear | Unit 1911 |
| 21:15 | Investigar | Heavy Plow |
| 21:20 | Crear | Unit 1911 |
| 21:20 | Crear | Unit 1911 |
| 21:41 | Crear | Unit 1911 |
| 21:49 | Investigar | Stone Mining |
| 21:58 | Construir | Town Center |
| 22:16 | Crear | Villager (Male) |
| 22:17 | Crear | Villager (Male) |
| 22:17 | Crear | Villager (Male) |
| 22:17 | Crear | Villager (Male) |
| 22:18 | Crear | Villager (Male) |
| 22:25 | Construir | Mining Camp |
| 23:09 | Crear | Unit 1911 ×2 |
| 23:10 | Crear | Unit 1911 ×2 |
| 23:10 | Crear | Unit 1911 |
| 23:34 | Investigar | Hand Cart |
| 23:34 | Crear | Villager (Male) |
| 23:35 | Crear | Villager (Male) |
| 23:46 | Crear | Unit 1911 ×2 |
| 23:46 | Crear | Unit 1911 ×2 |
| 23:46 | Crear | Unit 1911 ×2 |
| 24:02 | Construir | House |
| 24:05 | Construir | House |
| 24:07 | Construir | House |
| 24:22 | Investigar | Leather Archer Armor |
| 25:47 | Investigar | Bodkin Arrow |
| 25:50 | Crear | Unit 1911 ×5 |
| 25:50 | Crear | Unit 1911 ×5 |
| 25:50 | Crear | Unit 1911 ×2 |
| 26:52 | Investigar | Siege Engineers |
| 27:06 | Construir | Monastery |
| 27:18 | Crear | Villager (Male) ×5 |
| 27:18 | Crear | Villager (Male) ×5 |
| 27:30 | Construir | Castle |
| 27:47 | Construir | Castle |
| 27:59 | Investigar | Ballistics |
| 28:02 | Crear | Unit 1911 ×4 |
| 28:02 | Crear | Unit 1911 ×4 |
| 29:25 | Investigar | Scale Barding Armor |
| 29:26 | Investigar | Forging |
| 29:32 | Construir | Stable |
| 29:34 | Construir | Stable |
| 29:38 | Construir | Stable |
| 29:39 | Construir | Stable |
| 29:46 | Crear | Villager (Male) |
| 29:46 | Crear | Villager (Male) |
| 29:46 | Crear | Villager (Male) |
| 29:47 | Crear | Villager (Male) |
| 29:47 | Crear | Villager (Male) |
Build order — Drexik
Primeras 150 de 370 acciones detectadas
| 0:01 | Crear | Villager (Male) |
| 0:01 | Crear | Villager (Male) |
| 0:03 | Construir | House |
| 0:05 | Construir | House |
| 0:06 | Crear | Villager (Male) |
| 0:06 | Crear | Villager (Male) |
| 1:31 | Crear | Villager (Male) |
| 2:03 | Crear | Villager (Male) |
| 2:15 | Crear | Villager (Male) |
| 2:51 | Crear | Villager (Male) |
| 2:51 | Crear | Villager (Male) |
| 3:41 | Investigar | Loom |
| 3:55 | Construir | House |
| 3:58 | Construir | House |
| 4:01 | Construir | Lumber Camp |
| 4:04 | Crear | Villager (Male) |
| 4:52 | Crear | Villager (Male) |
| 4:55 | Crear | Villager (Male) |
| 4:56 | Crear | Villager (Male) |
| 4:57 | Crear | Villager (Male) |
| 6:28 | Crear | Villager (Male) |
| 6:41 | Crear | Villager (Male) |
| 7:02 | Construir | Mill |
| 7:05 | Crear | Villager (Male) |
| 7:28 | Crear | Villager (Male) |
| 8:18 | Crear | Villager (Male) |
| 8:19 | Investigar | Feudal Age |
| 8:23 | Crear | Villager (Male) |
| 9:26 | Crear | Villager (Male) |
| 9:59 | Crear | Villager (Male) |
| 10:13 | Construir | Barracks |
| 10:29 | Construir | Mill |
| 10:31 | Edad | Edad Feudal |
| 11:29 | Construir | Mining Camp |
| 11:32 | Crear | Villager (Male) |
| 11:54 | Construir | House |
| 12:00 | Investigar | Town Watch |
| 12:01 | Crear | Villager (Male) |
| 12:21 | Crear | Spearman |
| 12:36 | Crear | Spearman |
| 12:52 | Crear | Villager (Male) |
| 12:52 | Crear | Villager (Male) |
| 13:40 | Crear | Villager (Male) |
| 13:40 | Crear | Villager (Male) |
| 13:48 | Construir | Blacksmith |
| 13:50 | Construir | House |
| 13:55 | Construir | House |
| 14:09 | Investigar | Wheelbarrow |
| 14:15 | Crear | Villager (Male) |
| 15:24 | Construir | House |
| 15:26 | Construir | House |
| 15:42 | Construir | Stable |
| 15:45 | Crear | Villager (Male) |
| 15:45 | Crear | Villager (Male) |
| 16:06 | Investigar | Castle Age |
| 16:07 | Crear | Villager (Male) |
| 16:31 | Construir | Lumber Camp |
| 16:51 | Construir | Mining Camp |
| 18:12 | Construir | Archery Range |
| 18:16 | Construir | Archery Range |
| 18:54 | Investigar | Double-Bit Axe |
| 18:55 | Edad | Edad de los Castillos |
| 19:17 | Crear | Villager (Male) |
| 19:17 | Crear | Villager (Male) |
| 19:18 | Crear | Villager (Male) |
| 19:28 | Construir | Town Center |
| 19:40 | Investigar | Bow Saw |
| 19:41 | Investigar | Horse Collar |
| 20:13 | Construir | Farm |
| 20:13 | Construir | Farm |
| 20:18 | Construir | Farm |
| 20:52 | Construir | Mill |
| 21:01 | Crear | Skirmisher |
| 21:20 | Construir | University |
| 21:34 | Crear | Skirmisher |
| 21:42 | Construir | Farm |
| 21:42 | Construir | Farm |
| 21:42 | Construir | Farm |
| 21:42 | Construir | Farm |
| 22:07 | Construir | Farm |
| 22:51 | Crear | Villager (Male) |
| 22:51 | Crear | Villager (Male) |
| 22:55 | Crear | Villager (Male) |
| 22:55 | Crear | Villager (Male) |
| 23:09 | Construir | Castle |
| 23:12 | Construir | Siege Workshop |
| 23:18 | Construir | Farm |
| 23:18 | Construir | Farm |
| 23:18 | Construir | Farm |
| 23:19 | Construir | Farm |
| 23:19 | Construir | Farm |
| 23:19 | Construir | Farm |
| 23:19 | Construir | Farm |
| 23:23 | Crear | Villager (Male) |
| 23:23 | Crear | Villager (Male) |
| 23:53 | Construir | Farm |
| 23:54 | Construir | Farm |
| 23:55 | Construir | Farm |
| 23:58 | Crear | Villager (Male) |
| 23:58 | Crear | Villager (Male) |
| 23:58 | Crear | Villager (Male) |
| 24:01 | Construir | Farm |
| 24:01 | Construir | Farm |
| 24:01 | Construir | Farm |
| 24:02 | Construir | Farm |
| 24:05 | Crear | Villager (Male) |
| 24:34 | Crear | Villager (Male) |
| 24:43 | Construir | Farm |
| 24:43 | Construir | Farm |
| 24:44 | Construir | Farm |
| 24:44 | Construir | Farm |
| 24:44 | Construir | Farm |
| 24:44 | Construir | Farm |
| 24:55 | Crear | Villager (Male) |
| 24:55 | Crear | Villager (Male) |
| 24:58 | Crear | Conquistador |
| 24:58 | Crear | Conquistador |
| 25:40 | Investigar | Padded Archer Armor |
| 25:40 | Investigar | Fletching |
| 25:42 | Investigar | Ballistics |
| 25:53 | Crear | Skirmisher ×3 |
| 26:22 | Investigar | Leather Archer Armor |
| 26:50 | Investigar | Elite Skirmisher (upgrade) |
| 26:51 | Crear | Skirmisher |
| 26:51 | Crear | Skirmisher |
| 26:52 | Crear | Villager (Male) ×5 |
| 26:53 | Crear | Villager (Male) ×3 |
| 26:58 | Construir | Farm |
| 26:59 | Construir | Farm |
| 26:59 | Construir | Farm |
| 27:06 | Construir | Farm |
| 27:07 | Construir | Farm |
| 27:07 | Construir | Farm |
| 27:07 | Construir | Farm |
| 27:07 | Construir | Farm |
| 27:08 | Construir | Farm |
| 27:16 | Crear | Conquistador |
| 27:16 | Crear | Conquistador |
| 27:27 | Investigar | Bodkin Arrow |
| 27:54 | Construir | Town Center |
| 28:04 | Construir | Lumber Camp |
| 28:13 | Crear | Villager (Male) ×5 |
| 28:22 | Crear | Villager (Male) |
| 28:22 | Crear | Villager (Male) |
| 28:43 | Construir | Mining Camp |
| 28:48 | Investigar | Gold Mining |
| 28:53 | Crear | Villager (Male) |
| 28:55 | Crear | Conquistador |
| 28:56 | Crear | Conquistador |
| 29:06 | Crear | Villager (Male) ×3 |
Build order — 216 Raz0r
Primeras 150 de 351 acciones detectadas
| 0:00 | Crear | Villager (Male) |
| 0:01 | Crear | Villager (Male) |
| 0:01 | Crear | Villager (Male) |
| 0:02 | Construir | House |
| 0:03 | Construir | House |
| 0:12 | Crear | Villager (Male) |
| 1:25 | Crear | Villager (Male) |
| 2:15 | Construir | Lumber Camp |
| 2:17 | Crear | Villager (Male) |
| 2:17 | Crear | Villager (Male) |
| 3:01 | Crear | Villager (Male) |
| 3:02 | Crear | Villager (Male) |
| 3:02 | Crear | Villager (Male) |
| 3:02 | Crear | Villager (Male) |
| 3:36 | Construir | House |
| 3:36 | Construir | House |
| 3:57 | Crear | Villager (Male) |
| 3:58 | Crear | Villager (Male) |
| 3:58 | Crear | Villager (Male) |
| 4:28 | Crear | Villager (Male) |
| 4:28 | Crear | Villager (Male) |
| 4:51 | Construir | Mill |
| 5:29 | Crear | Villager (Male) |
| 5:30 | Crear | Villager (Male) |
| 5:30 | Crear | Villager (Male) |
| 5:30 | Crear | Villager (Male) |
| 5:45 | Crear | Villager (Male) |
| 5:45 | Crear | Villager (Male) |
| 6:29 | Construir | Mill |
| 7:24 | Construir | House |
| 7:50 | Construir | Mining Camp |
| 7:56 | Crear | Villager (Male) |
| 7:57 | Crear | Villager (Male) |
| 8:21 | Investigar | Feudal Age |
| 9:02 | Construir | Mining Camp |
| 9:07 | Construir | Palisade Wall |
| 9:40 | Construir | Farm |
| 9:44 | Construir | Farm |
| 9:49 | Construir | Farm |
| 11:27 | Crear | Villager (Male) |
| 11:27 | Crear | Villager (Male) |
| 11:32 | Edad | Edad Feudal |
| 11:36 | Construir | Market |
| 11:40 | Construir | Blacksmith |
| 12:17 | Investigar | Castle Age |
| 14:32 | Crear | Villager (Male) |
| 14:32 | Crear | Villager (Male) |
| 14:50 | Investigar | Loom |
| 14:51 | Crear | Villager (Male) |
| 14:52 | Crear | Villager (Male) |
| 15:02 | Edad | Edad de los Castillos |
| 15:09 | Construir | Castle |
| 15:19 | Construir | House |
| 15:22 | Construir | Palisade Wall |
| 15:29 | Construir | Palisade Wall |
| 15:33 | Construir | House |
| 15:35 | Crear | Villager (Male) |
| 15:35 | Crear | Villager (Male) |
| 15:54 | Construir | Town Center |
| 16:15 | Construir | Town Center |
| 16:20 | Crear | Villager (Male) |
| 16:20 | Crear | Villager (Male) |
| 16:23 | Construir | House |
| 16:24 | Construir | House |
| 17:04 | Construir | Mining Camp |
| 17:31 | Crear | Villager (Male) |
| 17:31 | Crear | Villager (Male) |
| 17:32 | Crear | Villager (Male) |
| 17:50 | Crear | Villager (Male) |
| 17:50 | Crear | Villager (Male) |
| 17:51 | Crear | Villager (Male) |
| 17:54 | Investigar | Horse Collar |
| 17:57 | Investigar | Double-Bit Axe |
| 18:07 | Crear | Villager (Male) |
| 18:08 | Crear | Villager (Male) |
| 18:35 | Crear | Mangudai |
| 18:39 | Construir | House |
| 18:49 | Construir | Farm |
| 18:51 | Construir | Farm |
| 19:22 | Construir | Farm |
| 19:23 | Construir | Farm |
| 19:24 | Construir | Farm |
| 19:28 | Construir | Farm |
| 19:43 | Investigar | Horse Collar |
| 19:50 | Construir | Farm |
| 19:52 | Construir | Farm |
| 19:54 | Construir | Farm |
| 19:56 | Construir | Farm |
| 20:05 | Crear | Villager (Male) |
| 20:12 | Construir | Farm |
| 20:12 | Construir | Farm |
| 20:18 | Crear | Mangudai |
| 20:34 | Crear | Villager (Male) |
| 20:35 | Crear | Villager (Male) |
| 21:15 | Crear | Villager (Male) |
| 21:15 | Crear | Villager (Male) |
| 21:15 | Crear | Villager (Male) |
| 21:32 | Construir | Farm |
| 21:33 | Construir | Farm |
| 21:33 | Construir | Farm |
| 21:33 | Construir | Farm |
| 21:33 | Construir | Farm |
| 21:35 | Construir | Farm |
| 21:53 | Construir | Farm |
| 21:58 | Crear | Villager (Male) |
| 21:58 | Crear | Villager (Male) |
| 21:59 | Crear | Villager (Male) |
| 21:59 | Crear | Villager (Male) |
| 22:12 | Investigar | Wheelbarrow |
| 22:33 | Construir | Farm |
| 22:34 | Construir | Farm |
| 22:35 | Construir | Farm |
| 22:36 | Construir | Farm |
| 22:37 | Construir | Farm |
| 22:40 | Construir | Farm |
| 22:42 | Construir | Farm |
| 22:47 | Construir | Farm |
| 22:47 | Construir | Farm |
| 22:50 | Crear | Villager (Male) |
| 22:50 | Crear | Villager (Male) |
| 22:51 | Crear | Villager (Male) |
| 23:10 | Crear | Mangudai |
| 23:10 | Crear | Mangudai |
| 23:17 | Investigar | Fletching |
| 23:19 | Crear | Villager (Male) |
| 23:20 | Crear | Villager (Male) |
| 23:20 | Crear | Villager (Male) |
| 23:22 | Construir | Farm |
| 23:54 | Investigar | Bodkin Arrow |
| 24:07 | Crear | Villager (Male) |
| 24:07 | Crear | Villager (Male) |
| 24:08 | Crear | Villager (Male) |
| 24:08 | Crear | Villager (Male) |
| 24:08 | Crear | Villager (Male) |
| 24:21 | Crear | Villager (Male) |
| 24:21 | Crear | Villager (Male) |
| 24:43 | Construir | Castle |
| 24:45 | Crear | Villager (Male) |
| 24:46 | Crear | Villager (Male) |
| 24:46 | Crear | Villager (Male) |
| 24:46 | Crear | Villager (Male) |
| 26:30 | Crear | Mangudai ×5 |
| 26:32 | Crear | Villager (Male) |
| 26:32 | Crear | Villager (Male) |
| 26:32 | Crear | Villager (Male) |
| 26:33 | Crear | Villager (Male) |
| 26:33 | Crear | Villager (Male) |
| 26:33 | Crear | Villager (Male) |
| 26:34 | Crear | Villager (Male) |
| 26:34 | Crear | Villager (Male) |
Cronología de la partida
| 9:07 | 216 Raz0r · wall_segment Palisade Wall x1 |
| 9:39 | Cardboard · first_building Barracks |
| 10:13 | Drexik · first_building Barracks |
| 10:31 | Drexik · age_up feudal |
| 10:59 | Cardboard · age_up feudal |
| 11:20 | KamiSazi · age_up feudal |
| 11:32 | 216 Raz0r · age_up feudal |
| 13:28 | Cardboard · first_market_sell 100 wood |
| 13:30 | Cardboard · first_market_buy 100 food |
| 15:02 | 216 Raz0r · age_up castle |
| 15:09 | 216 Raz0r · first_building Castle |
| 15:22 | 216 Raz0r · wall_segment Palisade Wall x1 |
| 15:29 | KamiSazi · age_up castle |
| 15:29 | 216 Raz0r · wall_segment Palisade Wall x1 |
| 15:42 | Drexik · first_building Stable |
| 15:48 | Cardboard · first_building Archery Range |
| 15:49 | 216 Raz0r · first_market_sell 100 wood |
| 15:50 | 216 Raz0r · first_market_buy 100 stone |
| 16:19 | Cardboard · age_up castle |
| 18:12 | Drexik · first_building Archery Range |
| 18:55 | Drexik · age_up castle |
| 19:37 | KamiSazi · first_building Siege Workshop |
| 19:51 | KamiSazi · wall_segment Stone Wall x6 |
| 20:04 | KamiSazi · first_market_buy 100 stone |
| 20:34 | KamiSazi · first_building Castle |
| 23:09 | Drexik · first_building Castle |
| 23:12 | Drexik · first_building Siege Workshop |
| 23:36 | KamiSazi · wall_segment Stone Wall x5 |
| 25:23 | KamiSazi · first_building Barracks |
| 27:06 | Cardboard · first_building Monastery |
| 27:14 | KamiSazi · first_building Archery Range |
| 27:30 | Cardboard · first_building Castle |
| 28:00 | 216 Raz0r · first_building Monastery |
| 28:13 | KamiSazi · first_building Monastery |
| 29:32 | Cardboard · first_building Stable |
| 29:37 | Drexik · first_building Monastery |
| 31:20 | 216 Raz0r · first_building Barracks |
| 32:14 | KamiSazi · first_market_sell 100 wood |
| 32:18 | 216 Raz0r · age_up imperial |
| 32:30 | 216 Raz0r · first_building Stable |
| 32:51 | KamiSazi · age_up imperial |
| 35:32 | Cardboard · age_up imperial |
| 37:38 | Cardboard · first_building Siege Workshop |
| 37:54 | Drexik · age_up imperial |
| 38:21 | 216 Raz0r · first_building Siege Workshop |
| 43:17 | 216 Raz0r · first_building Archery Range |
| 44:52 | KamiSazi · first_building Stable |
| 53:36 | Cardboard · resign |
[ ANÁLISIS IA · 1 CRÉDITO ]
¿Qué pasó realmente en esta partida?
Wolo.gg analiza cada decisión: build order, eco, micro, errores típicos por bracket. Análisis personalizado por WhatsApp o Discord en 30 segundos.
Guía civ
Bohemios
Perfil
Jugador #250073